Map: Pillars of Gold LE

Players

BTX - Winner!

  • Race: Zerg Zerg
  • League: Platinum
  • Spawn Location: 1:00

Massa

  • Race: Terran Terran
  • League: Platinum
  • Spawn Location: 7:00

VOD

Have the link to the VOD?

Description

Time

  • Played on: Feb. 24, 2021, 4:04 p.m.
  • Length: 15:45
Show
View Real Time Build Order
Export as new Build Order

BTX Zerg - Winner!

Build Orders: Hatch First 

Get SALT Encoding   

  12  0:00  Drone  
  13  0:12  Overlord  
  13  0:17  Drone  
  14  0:30  Drone x2  
  14  0:34  Drone  
  17  0:54  Hatchery  
  16  0:57  Drone  
  16  0:59  Drone  
  18  1:11  Extractor  
  18  1:15  Spawning Pool  
  18  1:18  Drone  
  17  1:22  Drone  
  18  1:29  Drone  
  19  1:39  Drone  
  20  1:49  Overlord  
  20  2:02  Queen  
  20  2:06  Queen  
  20  2:08  Zergling x4  
  26  2:14  Drone  
  27  2:20  Metabolic Boost  
  27  2:26  Drone x2  
  29  2:36  Drone x2  
  31  2:50  Overlord  
  32  2:51  Drone x2  
  32  2:57  Hatchery  
  32  2:59  Drone  
  32  3:01  Drone  
  34  3:07  Overlord  
  34  3:11  Overlord  
  34  3:15  Overlord  
  34  3:25  Drone  
  34  3:26  Drone  
  36  3:37  Roach Warren  
  35  3:44  Drone  
  35  3:46  Queen  
  38  3:52  Drone  
  38  3:53  Overlord  
  39  4:14  Drone  
  42  4:17  Roach x8  
  56  4:29  Roach x2  
  56  4:30  Roach x4  
  68  4:34  Zergling x4  
  70  4:48  Zergling x6  
  70  4:49  Zergling x2  
  67  5:24  Zergling x2  
  67  5:25  Zergling x24  
  80  5:43  Zergling x2  
  80  5:44  Overlord x2  
  79  6:16  Drone x8  
  79  6:17  Overlord x3  
  78  6:43  Drone x5  
  78  6:44  Drone x3  
  86  6:48  Extractor  
  86  6:51  Extractor  
  83  6:55  Spine Crawler  
  82  7:09  Lair  
  82  7:12  Extractor  
  81  7:18  Drone x3  
  84  7:26  Spore Crawler  
  84  7:29  Spine Crawler  
  82  7:31  Spine Crawler  
  79  8:09  Drone  
  79  8:10  Drone x4  
  79  8:11  Overlord x4  
  84  8:40  Spire  
  83  8:44  Drone  
  83  8:45  Drone  
  83  8:46  Drone x2  
  83  8:47  Zergling x2  
  83  8:48  Zergling x6  
  91  8:49  Drone x2  
  93  9:02  Spine Crawler  
  92  9:03  Extractor  
  92  9:05  Extractor, Spine Crawler  
  89  9:17  Spore Crawler  
  88  9:21  Hatchery  
  88  9:22  Drone x3  
  88  9:23  Drone x4  
  94  10:11  Zerg Flyer Weapons Level 1  
  94  10:19  Hatchery x2  
  92  10:21  Mutalisk  
  92  10:22  Hatchery, Mutalisk x17  
  92  10:24  Evolution Chamber x2  
  125  10:32  Drone x3, Infestation Pit  
  127  11:02  Drone x2  
  127  11:03  Drone x12  
  141  11:21  Drone  
  141  11:22  Drone, Spine Crawler  
  141  11:23  Drone x2, Spine Crawler  
  143  11:26  Hive  
  143  11:44  Extractor  
  142  11:48  Extractor  
  139  12:33  Drone x3  
  139  12:34  Drone x5, Baneling Nest  
  146  13:01  Zergling x2  
  146  13:02  Zergling x46  
  170  13:34  Adrenal Glands  
  170  13:38  Centrifical Hooks  
  170  13:43  Baneling x2  
  170  13:44  Baneling x28  
  170  13:45  Baneling x26  
  170  13:53  Overlord x5  
  170  13:54  Overlord x3  
  170  14:18  Drone x3  
  170  14:23  Zergling x2  
  170  14:24  Zergling x46  
Show
View Real Time Build Order
Export as new Build Order

Massa Terran 

Build Orders:  

Get SALT Encoding   

  12  0:00  SCV  
  13  0:12  SCV  
  14  0:22  Supply Depot  
  14  0:24  SCV  
  15  0:44  SCV  
  15  0:45  Barracks  
  16  0:50  Refinery  
  16  0:56  SCV  
  17  1:08  SCV  
  18  1:20  SCV  
  19  1:37  Orbital Command  
  19  1:48  Command Center  
  19  1:59  Marine  
  20  2:02  Supply Depot  
  20  2:04  SCV  
  21  2:20  SCV  
  22  2:31  Barracks Reactor  
  22  2:32  Factory  
  21  2:40  SCV  
  22  2:44  Barracks  
  22  3:04  Supply Depot  
  22  3:14  Command Center  
  22  3:15  Marine x2  
  24  3:26  Orbital Command  
  24  3:28  SCV  
  25  3:41  Barracks Tech Lab  
  25  3:42  Hellion  
  25  3:44  Hellion  
  25  3:48  Barracks Reactor  
  29  3:50  SCV  
  29  3:53  SCV  
  31  4:02  SCV  
  32  4:06  Hellion x2  
  36  4:11  SCV  
  36  4:14  SCV  
  38  4:19  Stimpack  
  38  4:23  SCV  
  39  4:26  Supply Depot  
  39  4:27  Hellion  
  39  4:28  Hellion  
  39  4:29  Marine x2  
  45  4:32  SCV x2  
  47  4:40  Engineering Bay  
  47  4:47  Marine x2  
  47  4:49  Hellion x2  
  53  5:02  Orbital Command, SCV x2  
  55  5:11  Missile Turret x2  
  55  5:12  Missile Turret  
  55  5:14  SCV x2  
  55  5:15  Refinery  
  55  5:25  Hellion x2  
  55  5:27  SCV  
  55  5:28  SCV x2  
  62  5:40  Barracks  
  62  5:44  Refinery  
  62  5:46  Missile Turret  
  62  5:47  Orbital Command, Hellion  
  62  5:57  Marine x2  
  58  6:07  Hellion, Marauder  
  58  6:08  Hellion  
  46  6:14  Marine  
  18  6:25  SCV  
  18  6:29  Marauder  
  14  6:38  SCV  
  7  6:50  SCV, Barracks, Marauder  
  9  6:54  Bunker  
  9  6:59  Widow Mine  
  11  7:11  Marauder  
  11  7:12  Marine  
  14  7:21  Widow Mine  
  16  7:30  Marine  
  16  7:34  Barracks  
  17  7:38  SCV  
  16  7:50  SCV  
  15  7:52  Marine  
  15  7:53  Marine  
  15  8:03  Marine  
  16  8:08  SCV  
  18  8:15  Marine  
  18  8:28  Supply Depot  
  18  8:39  Barracks Tech Lab  
  18  8:41  Factory Tech Lab  
  18  8:49  SCV  
  19  9:01  SCV  
  20  9:14  SCV  
  20  9:17  Engineering Bay  
  21  9:26  SCV  
  22  9:38  SCV  
  23  9:39  Combat Shield  
  23  9:46  Marine  
  22  9:53  Missile Turret  
  22  10:16  Supply Depot  
  22  10:28  Missile Turret  
  22  10:38  Siege Tank  
  25  10:47  Supply Depot  
  25  10:48  SCV  
  26  11:00  SCV  
  27  11:06  Factory  
  27  11:12  SCV  
  28  11:19  Refinery  
  28  11:21  Widow Mine  
  28  11:24  SCV  
  28  11:25  Marine x4  
  35  11:29  Supply Depot  
  35  11:39  Supply Depot  
  35  11:42  Marine  
  35  11:55  Marine x3  
  35  12:00  Marine  
  39  12:08  SCV  
  40  12:10  Factory Reactor  
  40  12:13  Marine  
  41  12:22  Marine x3  
  43  12:24  Factory Reactor  
  44  12:37  Missile Turret  
  44  12:38  SCV  
  44  12:42  Marine  
  44  12:43  Marine  
  47  12:53  Supply Depot  
  47  13:02  Missile Turret  
  47  13:15  Widow Mine, SCV, Marine  
  51  13:30  Widow Mine x2  
  55  13:38  Supply Depot  
  55  13:46  Supply Depot  
  55  14:00  Widow Mine x2  
  55  14:01  SCV, Supply Depot  
  60  14:06  Marine x2  
  62  14:13  SCV  
  62  14:16  Missile Turret  
  63  14:22  Widow Mine  
  65  14:33  Supply Depot  
  65  14:37  Widow Mine x2  
  69  14:43  Widow Mine  
  69  14:58  Widow Mine  
  71  15:24  Starport  
Tags
 
Add a new tag
Caveats
  • Supply blocks, unpowered buildings, or Contaminate may cause inaccurate times.
  • Supply counts are checked every 10 seconds.